 Dungeon Crawl Stone Soup version 0.30-a0-709-gcdc1b43e22 (webtiles) character file.

Game seed: 3184679106778571565

13781 DungeonMaster the Destroyer (level 11, -2/68 HPs)
             Began as a Demonspawn Hedge Wizard on Jan 22, 2023.
             Was an Elder of Vehumet.
             Killed from afar by Urug (5 damage)
             ... with an iceblast
             ... on level 1 of the Lair of Beasts on Jan 23, 2023.
             The game lasted 00:53:06 (14518 turns).

DungeonMaster the Destroyer (DsHW)                 Turns: 14518, Time: 00:53:06

Health: -2/68      AC: 10    Str:  7    XL:     11   Next: 80%
Magic:  24/26      EV: 11    Int: 23    God:    Vehumet [****..]
Gold:   769        SH:  0    Dex: 13    Spells: 18/32 levels left

rFire   . . .      SeeInvis .    a - +4 dagger (venom)
rCold   + + .      Faith    .    (no shield)
rNeg    . . .      Spirit   .    f - +3 leather armour {rC+}
rPois   +          Reflect  .    c - +0 helmet
rElec   .          Harm     .    v - +0 cloak
rCorr   .          Rampage  .    H - +0 pair of gloves
Will    .....                    E - +0 pair of boots
Stlth   ++                       I - amulet of magic regeneration
HPRegen 0.31/turn                t - ring of poison resistance
MPRegen 0.60/turn                u - ring of Aciacuw {Wiz rC+ Str-3 Int+3}

@: no status effects
A: hooves 1, demonic magic 2
a: Renounce Religion


You were on level 1 of the Lair of Beasts.
You worshipped Vehumet.
Vehumet was greatly pleased with you.
You visited 3 branches of the dungeon, and saw 14 of its levels.
You also visited: Ossuary and Bailey.

You collected 937 gold pieces.
You spent 168 gold pieces at shops.

Inventory:

Hand Weapons
 a - a +4 dagger of venom (weapon)
 d - the +1 quarterstaff "Odidd" {flame, rN+++ Will- Int+2}
   (You found it on level 6 of the Dungeon)

   Int:       It affects your intelligence (+2).
   rN:        It renders you almost immune to negative energy.
   Will:      It decreases your willpower.
 s - the +7 hand axe of Gozag's Generosity {pain, rF+++ rN++ rCorr Stlth-}
   (You took it off a wight on level 6 of the Dungeon)

   rF:        It renders you almost immune to fire.
   rN:        It greatly protects you from negative energy.
   rCorr:     It protects you from acid and corrosion.
   Stlth:     It makes you less stealthy.
 N - a +2 scimitar of freezing
 O - a +1 trident of protection
 T - a +0 dagger of electrocution
Missiles
 F - a throwing net
 X - 2 curare-tipped darts
Armour
 b - a +0 troll leather armour
 c - a +0 helmet (worn)
 f - a +3 leather armour of cold resistance (worn)
 l - a +0 kite shield
 v - a +0 cloak (worn)
 E - a +0 pair of boots (worn)
 H - a +0 pair of gloves (worn)
Magical Staves
 G - a staff of air
 R - a staff of fire
Jewellery
 p - a ring of see invisible
 q - a ring of positive energy
 t - a ring of poison resistance (left hand)
 u - the ring of Aciacuw (right hand) {Wiz rC+ Str-3 Int+3}
   (You acquired it on level 4 of the Dungeon)

   [ring of wizardry]

   It improves your spell success rate.
   Str:       It affects your strength (-3).
   Int:       It affects your intelligence (+3).
   rC:        It protects you from cold.
 D - an amulet of regeneration
 I - an amulet of magic regeneration (around neck)
 J - a ring of fire
 K - a +4 ring of protection
 P - the ring of Uva Miru {rC- Will+ Int+7 Dex-2}
   (You found it on level 8 of the Dungeon)

   [ring of willpower]

   Int:       It affects your intelligence (+7).
   Dex:       It affects your dexterity (-2).
   rC:        It makes you vulnerable to cold.
   Will:      It increases your willpower.
 W - a ring of protection from cold
Wands
 y - a wand of iceblast (4)
 B - a wand of light (17)
 Q - a wand of mindburst (4)
 S - a wand of digging (5)
Scrolls
 e - a scroll of amnesia
 n - 4 scrolls of teleportation
 r - 5 scrolls of fog
 z - 3 scrolls of blinking
 L - a scroll of brand weapon
 U - a scroll of immolation
 V - 2 scrolls of identify
 Y - 3 scrolls of fear
Potions
 g - 4 potions of mutation
 h - 2 potions of haste
 i - 4 potions of lignification
 j - a potion of brilliance
 k - 10 potions of curing
 m - 2 potions of cancellation
 o - 7 potions of heal wounds
 w - 2 potions of resistance
 x - a potion of ambrosia
 A - 4 potions of magic
 M - 3 potions of might
 Z - a potion of invisibility


   Skills:
 - Level 1.7 Dodging
 - Level 1.7 Stealth
 * Level 11.4 Spellcasting
 * Level 12.0 Conjurations
 - Level 1.0 Summonings
 - Level 0.8 Translocations
 - Level 8.4 Air Magic


You had 18 spell levels left.
You knew the following spells:

 Your Spells              Type           Power      Damage    Failure   Level
a - Magic Dart            Conj           100%       1d8       1%          1
b - Blink                 Tloc           34%        N/A       3%          2
c - Sticky Flame          Conj/Fire      40%        2d6       1%          4
d - Mephitic Cloud        Conj/Pois/Air  44%        N/A       1%          3
e - Flame Wave            Conj/Fire      40%        2d11      1%          4

Your spell library contained the following spells:

 Spells                   Type           Power      Damage    Failure   Level
 Arcjolt                  Conj/Air       28%        1d38      1%          5
 Cigotuvi's Dreadful Rot  Necr/Pois/Air  52%        N/A       1%          2
 Inner Flame              Hex/Fire       13%        N/A       2%          3
 Slow                     Hex            52%        N/A       3%          1
 Call Imp                 Summ           17%        N/A       3%          2
 Ozocubu's Armour         Ice            13%        N/A       9%          3
 Dispel Undead            Necr           13%        3d9       28%         4
 Metabolic Englaciation   Hex/Ice        6%         N/A       58%         5
 Death Channel            Necr           6%         N/A       98%         6
 Simulacrum               Ice/Necr       6%         N/A       98%         6


Dungeon Overview and Level Annotations

Branches:
Dungeon (12/15)            Temple (0/1) D:7            Lair (1/5) D:11
    Orc (1/2) D:11        Ossuary (visited)          Bailey (visited)

Altars:
Dithmenos
Fedhas
Nemelex Xobeh
Ru
Vehumet
Wu Jian

Shops:
D:6 (!(

Portals:
Trove: D:11 (give 2 scrolls of acquirement)

Annotations:
D:3 2 transporters
D:4 exclusion: black bear
D:10 3 runed translucent doors, Bnni's ghost, journeyman FoHs
Lair:1 Urug
Orc:1 Gastronok; Nergalle


Innate Abilities, Weirdness & Mutations

You have large cloven feet.
Spells you cast may paralyse nearby enemies.


Message History

Press: ? - help, Shift-Dir - straight line, f/p - wyvern
Aim: a wyvern (heavily wounded, confused, 100% to hit)
The magic dart hits the wyvern but does no damage.
The wyvern is heavily wounded.
Malevolent energies surge around you.
The cane toad suddenly stops moving!
Urug shouts!
The wyvern bites the cane toad but does no damage.
The helpless cane toad fails to defend itself.
You puncture the cane toad!
The cane toad is poisoned.
The cane toad is heavily wounded.
The bullfrog hits you but does no damage.
The wyvern bites the cane toad!
The bullfrog hits you.
The helpless cane toad fails to defend itself.
You hit the cane toad.
You kill the cane toad!
Vehumet accepts your kill.
The bullfrog hits you but does no damage.
Urug hits you from afar with a +4 demon trident!!
* * * LOW HITPOINT WARNING * * *
Your Conjurations skill increases to level 12!
Casting: Magic Dart (safe; 1% risk of failure)
Confirm with . or Enter, or press ? or * to list all spells.
Aiming: Mephitic Cloud (safe; 1% risk of failure)
Press: ? - help, Shift-Dir - straight line, f/p - wyvern
Aim: a wyvern (heavily wounded, confused, chance to affect: 77%)
The ball explodes into a vile cloud!
The stinking cloud engulfs the wyvern but does no damage.
The wyvern is heavily wounded.
The stinking cloud engulfs the bullfrog but does no damage.
The stinking cloud engulfs Urug but does no damage.
Malevolent energies surge around you.
The bullfrog is engulfed in noxious fumes.
The bullfrog appears confused.
The bullfrog hits you but does no damage.
The wyvern is engulfed in noxious fumes.
The wyvern barely misses the bullfrog.
The bullfrog is engulfed in noxious fumes.
The bullfrog appears confused.
Urug zaps a wand.
The mass of ice explodes!
The iceblast engulfs you. You partially resist.
You die...

##..............
#..............
##...........#
#...........##
#...........##
..........†.#### .#
..........##ol§#####.#
..........#F☼○○...#..#
........P###.@........
........## #.........#
....F.# #.........#
....# #.........## ...
#P.........#
#P.........#
##.........#
##.......## #........#


You could see Urug, a wyvern (confused) and a bullfrog (confused).

Vanquished Creatures
  4 two-headed ogres
  A skeletal warrior (D:11)
  An orc knight (Bailey)
  A deep elf pyromancer (Bailey)
  A manticore (D:11)
  An elephant (D:11)
  A cane toad (Lair:1)
  A komodo dragon (Lair:1)
  2 trolls
  Prince Ribbit (D:7)
  A shadow (D:11)
  Eustachio (D:6)
  2 wraiths
  A basilisk (Lair:1)
  2 wyverns (D:9)
  10 yaks
  A water moccasin (D:6)
  11 orc warriors
  A sky beast (D:7)
  An ice beast (D:8)
  5 black bears
  3 ogres
  4 centaurs
  4 phantoms (D:5)
  2 kobold brigands
  2 bullfrogs
  4 scorpions
  A necrophage (D:8)
  A gnoll sergeant (D:9)
  11 wights
  10 killer bees
  A howler monkey (D:6)
  A crimson imp (D:11)
  A centaur zombie (Ossuary)
  Crazy Yiuf (D:7)
  A bullfrog zombie (Ossuary)
  2 orc priests
  3 hounds
  A jelly (D:6)
  3 gnoll boudas (D:7)
  3 iguanas
  A scorpion zombie (Ossuary)
  16 orc wizards
  An ogre zombie (Ossuary)
  20 gnolls
  A river rat (D:3)
  6 adders
  4 white imps
  An ufetubus (D:6)
  2 adder zombies (Ossuary)
  2 worms
  4 dart slugs
  40 orcs
  7 ball pythons
  8 bats
  8 endoplasms
  3 giant cockroaches
  6 gnoll zombies (Ossuary)
  3 hobgoblins
  2 jackals (D:3)
  2 quokkas (D:1)
  3 frilled lizards
  5 goblins
  2 goblin zombies
  A hobgoblin zombie (Ossuary)
  20 kobolds
  7 orc zombies (Ossuary)
  A quokka zombie (D:7)
  6 rats
291 creatures vanquished.

Vanquished Creatures (collateral kills)
  A wight (D:8)
  A killer bee (D:9)
  An orc (D:5)
3 creatures vanquished.

Vanquished Creatures (others)
  3 wights (D:8)
  A fungus (Lair:1)
  9 plants (Lair:1)
13 creatures vanquished.

Grand Total: 307 creatures vanquished

Notes
Turn   | Place    | Note
-------+----------+-------------------------------------------
     0 | D:1      | DungeonMaster the Demonspawn Hedge Wizard began the quest
                  | for the Orb.
     0 | D:1      | Reached XP level 1. HP: 13/13 MP: 4/4
   305 | D:1      | Gained mutation: Spells you cast may paralyse adjacent
                  | enemies. [demonic ancestry]
   305 | D:1      | Reached XP level 2. HP: 19/19 MP: 0/6
   816 | D:1      | Reached skill level 2 in Conjurations
  1102 | D:1      | Reached XP level 3. HP: 19/24 MP: 1/8
  1886 | D:3      | Found a glowing drain.
  1974 | D:3      | Reached XP level 4. HP: 30/30 MP: 4/9
  2148 | D:2      | Learned a level 2 spell: Blink
  2152 | D:2      | Learned a level 3 spell: Mephitic Cloud
  2285 | D:2      | Reached skill level 3 in Conjurations
  2685 | D:3      | Found a transporter.
  2769 | D:3      | Found a transporter.
  3512 | D:3      | Reached skill level 1 in Air Magic
  3563 | D:3      | Found a shadowy altar of Dithmenos.
  3676 | D:4      | Noticed an ogre
  3745 | D:4      | Reached XP level 5. HP: 35/35 MP: 8/11
  3799 | D:4      | Noticed a black bear
  4062 | D:4      | Identified a scroll of acquirement
  4062 | D:4      | Acquired the ring of Aciacuw {Wiz rC+ Str-3 Int+3}
  4522 | D:4      | Killed a black bear
  4523 | D:4      | Reached skill level 4 in Conjurations
  4523 | D:4      | Reached XP level 6. HP: 41/41 MP: 3/13
  4678 | D:4      | Reached skill level 5 in Spellcasting
  5104 | D:5      | Entered Level 5 of the Dungeon
  5188 | D:5      | Reached XP level 7. HP: 46/46 MP: 4/14
  5504 | D:5      | Reached skill level 5 in Conjurations
  6010 | D:5      | Gained mutation: Spells you cast may paralyse nearby
                  | enemies. [demonic ancestry]
  6010 | D:5      | Reached XP level 8. HP: 52/52 MP: 13/16
  6211 | D:6      | Found an ornate altar of the Wu Jian Council.
  6369 | D:6      | Found Xopulif's Weapon Boutique.
  6369 | D:6      | Identified the +1 quarterstaff "Odidd" {flame, rN+++ Will-
                  | Int+2}
  6453 | D:6      | Reached skill level 6 in Conjurations
  6584 | D:6      | Noticed Eustachio
  6603 | D:6      | Killed Eustachio
  6604 | D:6      | Reached skill level 5 in Air Magic
  6685 | D:6      | Found a sacrificial altar of Ru.
  6685 | D:6      | Found a sparkling altar of Nemelex Xobeh.
  6685 | D:6      | Found a radiant altar of Vehumet.
  6691 | D:6      | Became a worshipper of Vehumet
  6719 | D:6      | Identified the +7 hand axe of Gozag's Generosity {pain,
                  | rF+++ rN++ rCorr Stlth-}
  6959 | D:6      | Found Gimun's Antique Weapon Shop.
  6988 | D:6      | Reached skill level 7 in Conjurations
  6988 | D:6      | Reached XP level 9. HP: 57/57 MP: 19/19
  7098 | D:6      | Found Vaurph's Distillery.
  7105 | D:6      | Bought a potion of degeneration for 14 gold pieces
  7105 | D:6      | Bought a potion of cancellation for 112 gold pieces
  7105 | D:6      | Bought a potion of curing for 42 gold pieces
  7624 | D:7      | Found a sand-covered staircase.
  7640 | D:7      | Reached * piety under Vehumet
  7640 | D:7      | Offered knowledge of Sandblast by Vehumet.
  7643 | Ossuary  | Entered an ossuary
  7858 | Ossuary  | Noticed a silent spectre
  7892 | Ossuary  | Identified the +0 robe of Makhleb's Castigation {Str+4}
  8018 | D:7      | Found a staircase to the Ecumenical Temple.
  8050 | D:7      | Reached ** piety under Vehumet
  8050 | D:7      | Offered knowledge of Freeze by Vehumet.
  8195 | D:7      | Found a runed translucent door.
  8196 | D:7      | Noticed Crazy Yiuf
  8206 | D:7      | Killed Crazy Yiuf
  8351 | D:7      | Noticed Prince Ribbit
  8366 | D:7      | Killed Prince Ribbit
  8521 | D:7      | Reached skill level 8 in Conjurations
  8720 | D:8      | Found a blossoming altar of Fedhas.
  8931 | D:8      | Gained mutation: You have large cloven feet. [demonic
                  | ancestry]
  8931 | D:8      | Reached XP level 10. HP: 59/63 MP: 20/22
  9081 | D:8      | Noticed a two-headed ogre
  9100 | D:8      | Killed a two-headed ogre
  9209 | D:8      | Reached skill level 9 in Conjurations
  9704 | D:8      | Identified the ring of Uva Miru {rC- Will+ Int+7 Dex-2}
 10058 | D:9      | Noticed a two-headed ogre
 10107 | D:9      | Killed a two-headed ogre
 10364 | D:9      | Offered knowledge of Scorch by Vehumet.
 10980 | D:9      | Learned a level 4 spell: Sticky Flame
 10985 | D:9      | Learned a level 4 spell: Flame Wave
 11104 | D:10     | Entered Level 10 of the Dungeon
 11132 | D:10     | Noticed a two-headed ogre
 11143 | D:10     | Killed a two-headed ogre
 11143 | D:10     | Reached *** piety under Vehumet
 11144 | D:10     | Reached skill level 10 in Conjurations
 11306 | D:10     | Reached XP level 11. HP: 25/65 MP: 18/24
 11499 | D:10     | You fall into a shaft and drop 1 floor!
 11502 | D:11     | Found a staircase to the Orcish Mines.
 11505 | D:10     | Found a flagged portal.
 11508 | D:10     | Identified the +0 halberd of Paavaidd {flame, *Rage rPois
                  | rF++}
 11511 | Bailey   | Entered a bailey
 11547 | Bailey   | Offered knowledge of Hailstorm by Vehumet.
 11561 | Bailey   | Noticed an orc knight
 11589 | Bailey   | Reached skill level 10 in Spellcasting
 11590 | Bailey   | Killed an orc knight
 11779 | Bailey   | Found a large runed translucent door.
 11779 | Bailey   | Found a large runed translucent door.
 11780 | Bailey   | Noticed a deep elf pyromancer
 11820 | Bailey   | Killed a deep elf pyromancer
 11938 | D:10     | Found a runed translucent gate.
 11938 | D:10     | Found a runed translucent gate.
 11939 | D:10     | Found a runed translucent gate.
 11954 | D:10     | Noticed Bnni's ghost (journeyman FoHs)
 11959 | D:10     | Noticed a two-headed ogre
 12560 | D:11     | Found a staircase to the Lair.
 12574 | D:11     | Reached **** piety under Vehumet
 12620 | D:11     | Offered knowledge of Arcjolt by Vehumet.
 12621 | D:11     | Reached skill level 11 in Conjurations
 12629 | D:11     | Noticed a two-headed ogre
 12640 | D:11     | Killed a two-headed ogre
 12829 | D:11     | Found a portal to a secret trove of treasure.
 13469 | D:12     | Noticed a skeletal warrior
 13469 | D:12     | Noticed a skeletal warrior
 13469 | D:12     | Noticed a skeletal warrior
 13497 | D:11     | Killed a skeletal warrior
 14025 | D:12     | Noticed a deep elf pyromancer
 14078 | Orc:1    | Entered Level 1 of the Orcish Mines
 14082 | Orc:1    | Noticed Gastronok
 14083 | Orc:1    | Noticed Nergalle
 14219 | Lair:1   | Entered Level 1 of the Lair of Beasts
 14514 | Lair:1   | Noticed Urug
 14517 | Lair:1   | HP: 3/68 [Urug/+4 demon trident (21)]
 14518 | Lair:1   | Reached skill level 12 in Conjurations
 14518 | Lair:1   | Killed from afar by Urug

Illustrated notes

Levels and vault maps discovered:
D:1:      dpeg_arrival_rooms_a, layout_basic, serial_aquarium,
          aquarium_bridge_square [aquarium_subvault_bridge,
          aquarium_subvault_balcony, aquarium_subvault_wall,
          aquarium_subvault_window], aquarium_bridge_straight
          [aquarium_subvault_bridge, aquarium_subvault_wall,
          aquarium_subvault_bridge, aquarium_subvault_window],
          aquarium_window_fake, aquarium_window_1, aquarium_window_1,
          aquarium_view_2f
D:2:      layout_loops_cross, kennysheep_generic_room_11
D:3:      gammafunk_steamed_eel, layout_loops_corners,
          lemuel_coloured_pillars_altar, cheibrodos_sewer_entry_sluice,
          fountainhead
D:4:      minmay_spotlight, layout_loops_cross
D:5:      layout_basic
D:6:      layout_loops_ring, lemuel_round_altar,
          gammafunk_temple_overflow_forgotten, lemuel_round_altar, serial_shops,
          nicolae_shop_bloodbath_and_beyond, nicolae_shop_hallway_plus,
          nicolae_shop_stone, uniq_eustachio
D:7:      layout_basic, minmay_temple_entry_statues_fountains, enter_ossuary_4,
          uniq_prince_ribbit1, uniq_crazy_yiuf_cottage
D:8:      layout_loops_corners, mainiacjoe_overflow_cross_hatched
D:9:      layout_irregular_city, moated_statue, eino_tiny_chamber
D:10:     layout_roguey, gammafunk_ghost_split, enter_bailey_2,
          minmay_curled_crystal
D:11:     layout_cave_pools, david_lair_generic, orc_0_dummy,
          nicolae_trove_entry_crossroad, minmay_fire_ice_demons
D:12:     layout_long_grid, portal_ice_cave_entry_ice_simulacra, serial_shops,
          nicolae_shop_trees
Lair:1:   cheibrodos_lair_river_kwai, layout_cave_pods, grunt_megastairs_3,
          uniq_urug
Orc:1:    layout_caves, basic_altar, nicolae_orc_tapped_out, uniq_gastronok,
          uniq_nergalle

Skill      XL: |  1  2  3  4  5  6  7  8  9 10 11 |
---------------+----------------------------------+-----
Conjurations   | 2 3 4 5 7 8 10 12 | 12.0
Spellcasting   | 4 5 7 8 9 11 | 11.4
Air Magic      | 1 2 3 4 5 7 8 |  8.4
Dodging        | |  1.7
Stealth        | |  1.7
Summonings     | |  1.0
Translocations | |  0.8

Action                     |  1- 3 |  4- 6 |  7- 9 | 10-12 || total
---------------------------+-------+-------+-------+-------++-------
  Melee: Dagger            |    36 |       |   111 |   189 ||   336
         Punch             |     1 |       |     5 |     1 ||     7
         Short sword       |     8 |    51 |    14 |       ||    73
         Hand axe          |       |       |    39 |     5 ||    44
   Cast: Magic Dart        |    94 |   150 |   285 |   277 ||   806
         Mephitic Cloud    |       |     5 |    26 |    56 ||    87
         Blink             |       |       |     1 |     7 ||     8
         Flame Wave        |       |       |       |     7 ||     7
         Sticky Flame      |       |       |       |    13 ||    13
  Evoke: Wand              |       |       |     1 |    12 ||    13
    Use: Scroll            |     6 |     5 |    12 |     6 ||    29
         Potion            |       |       |       |     3 ||     3
   Stab: Paralysed         |     8 |    28 |    82 |   113 ||   231
         Sleeping          |       |       |     2 |       ||     2
         Confused          |       |       |     6 |     3 ||     9
 Armour: Robe              |     6 |     1 |       |       ||     7
         Steam dragon scal |       |     9 |     6 |       ||    15
         Leather armour    |       |       |    22 |    71 ||    93
  Dodge: Dodged            |    47 |    54 |   114 |   130 ||   345

Table legend: (Time is in decaauts)
 A = Elapsed time spent in this place.
 B = Non-inter-level travel time spent in this place.
 C = Inter-level travel time spent in this place.
 D = Time resting spent in this place.
 E = Time spent auto-exploring this place.
 F = Levels seen in this place.
 G = Mean time per level.
                   A        B        C        D        E       F      G
               +--------+--------+--------+--------+--------+-----+--------+
         Total |  14570 |  14228 |    342 |   2525 |   8039 |  16 |  910.6 |
       Dungeon |  13596 |  13254 |    342 |   2285 |   7927 |  12 | 1133.0 |
          Lair |    298 |    298 |      0 |     99 |    112 |   1 |  298.0 |
  Orcish Mines |      8 |      8 |      0 |      0 |      0 |   1 |    8.0 |
       Ossuary |    261 |    261 |      0 |     20 |      0 |   1 |  261.0 |
        Bailey |    404 |    404 |      0 |    121 |      0 |   1 |  404.0 |
               +--------+--------+--------+--------+--------+-----+--------+

Top non-repeatable levels by time:
    D:11: 1510 daAuts
     D:3: 1435 daAuts
     D:1: 1383 daAuts
     D:4: 1320 daAuts
     D:6: 1300 daAuts
     D:9: 1289 daAuts
     D:8: 1134 daAuts
     D:5: 1084 daAuts
    D:10: 976 daAuts
     D:2: 966 daAuts
     D:7: 964 daAuts
  Bailey: 404 daAuts
  Lair:1: 298 daAuts
 Ossuary: 261 daAuts
    D:12: 229 daAuts
